 Dungeon Crawl Stone Soup version 5.6-49-g8abd877 (webtiles) character file.

50 HarryHood the Fighter (level 12, -1/84 HPs) *CASUAL*
             Began as a Gargoyle Fighter on Oct 6, 2018.
             Slain by a very large slime creature (8 damage)
             ... on level 10 of the Dungeon.
             The game lasted 00:31:05 (7165 turns).

HarryHood the Fighter (Gargoyle Fighter)            Turns: 7165, Time: 00:31:06

Health: -1/84      AC: 21 (46%)Str: 27  XL:     12   Next: 12%
Magic:  17/17      EV:  6    Int: 11    God:
Gold:   849        SH: 10    Dex: 10    Spells: 18/18 levels left

rFire    . . .     SeeInvis .   a - +3 whip
rCold    . . .     Faith    .   c - +0 shield
rNeg     + . .     Spirit   .   r - +0 chain mail
rPois    ∞         Reflect  .   (no helmet)
rElec    +                      m - +0 cloak
rCorr    .                      v - +0 pair of gloves
MR       .....                  (no boots)
Stlth    ..........             (no amulet)
Regen    0.3/turn               g - +5 ring of strength
MPRegen  0.3/turn               k - +3 ring of slaying

@: no status effects
A: negative energy resistance 1, electricity resistance, unbreathing,
petrification resistance, rot immunity, AC +8
a: no special abilities


You were on level 10 of the Dungeon.
You were not hungry.

You visited 1 branch of the dungeon, and saw 10 of its levels.

You collected 849 gold pieces.

Inventory:

Hand Weapons
 a - a +3 whip (weapon)
 b - a +0 flail
Missiles
 p - 56 tomahawks (quivered)
Armour
 c - a +0 shield (worn)
 m - a +0 cloak (worn)
 r - a +0 chain mail (worn)
 v - a +0 pair of gloves (worn)
Jewellery
 g - a +5 ring of strength (left hand)
 i - a +5 ring of strength
 k - a +3 ring of slaying (right hand)
 t - an uncursed ring of ice
 x - a +3 ring of protection
Scrolls
 e - 2 scrolls of enchant weapon
 l - 3 scrolls of teleportation {@r0}
 n - 4 scrolls of magic mapping {@r5}
 s - 5 scrolls of fog
 w - a scroll of amnesia
 y - a scroll of enchant armour
Potions
 d - 2 potions of augmentation
 f - a potion of invisibility
 h - 5 potions of heal wounds {@q1}
 j - 4 potions of mutation
 o - 3 potions of flight
 q - a potion of magic
 u - 3 potions of lignification


   Skills:
 + Level 13.7 Fighting
 - Level 12.0 Maces & Staves
 * Level 6.1 Throwing
 - Level 6.0 Armour
 - Level 3.2 Shields


You had 18 spell levels left.
You didn't know any spells.
Your spell library contained the following spells:

 Spells                   Type           Power        Failure   Level  Hunger
 Fire Storm               Fire           0 (200)      100%        9    N/A
 Ozocubu's Refrigeration  Ice            0 (200)      100%        7    N/A
 Chain Lightning          Air            0 (200)      100%        8    N/A
 Orb of Destruction       Erth           0 (200)      100%        7    N/A

Dungeon Overview and Level Annotations

Branches:
Dungeon (10/15)

Altars:
Cheibriados
Dithmenos
Elyvilon
Gozag
Jiyva
Kikubaaqudgha
Lugonu
Makhleb
Nemelex Xobeh
Okawaru
Qazlal
Ru
Sif Muna
Trog
Uskayaw
Vehumet
Wu Jian
Xom
Yredelemnul
Zin
The Shining One

Portals:
Bailey: D:10


Innate Abilities, Weirdness & Mutations

You are resistant to torment.
Your stone body is resilient. (AC +8)
You are immune to poison.
You resist negative energy. (rN+)
You are resistant to electric shocks. (rElec)
You can survive without breathing.
You are immune to petrification.
You are immune to rotting.


Message History

The slime creature hits you (2).
* * * LOW HITPOINT WARNING * * *
The slime creature barely misses you.
You take 13 damage, and have 18/84 hp.
You whack the slime creature (11)! The slime creature hits you (5).
* * * LOW HITPOINT WARNING * * *
You take 5 damage, and have 13/84 hp.
You hit the slime creature (3).
You block the large slime creature's attack.
You block the slime creature's attack. The slime creature hits you (7)!
* * * LOW HITPOINT WARNING * * *
The slime creature hits you but does no damage.
You take 7 damage, and have 6/84 hp.
Two slime creatures merge to form a large slime creature.
Two slime creatures merge to form a very large slime creature.
You block the very large slime creature's attack.
The large slime creature hits you but does no damage.
You barely miss the very large slime creature.
The very large slime creature hits you (8)!
You die...

##....................
#.#...........##...P.
#.#.....##...P##...P.
#....................
..#.....#............
#...#.##....#....P.
#..#####....#..###.
#P.# #..#...#..###
##@## #..#.......#.
#JJ# ####...#.#...
.........# #..##.#.##
##.#..P..# #...#.####
#....... #P..#...###
##...$................
##.#.######........#P
###.. #.......... #.#
##...##P###


You could see a very large slime creature and a large slime creature.

Vanquished Creatures
  Erica (D:9)
  2 two-headed ogres
  Pikel (D:6)
  Psyche (D:9)
  A gargoyle (D:10)
  Prince Ribbit (D:9)
  A meliai zombie (D:10)
  4 yaks (D:9)
  2 wyverns
  A black bear (D:10)
  3 orc warriors
  2 ice beasts
  4 ogres
  3 centaurs
  A rime drake zombie (D:7)
  A rime drake skeleton (D:8)
  4 bullfrogs
  A wyvern zombie (D:6)
  A water moccasin skeleton (D:6)
  3 scorpions
  3 crimson imps
  A howler monkey (D:7)
  A centaur zombie (D:6)
  2 hounds
  3 quasits
  Crazy Yiuf (D:7)
  A jelly (D:8)
  2 bullfrog skeletons
  6 orc wizards
  2 centaur skeletons
  Terence (D:2)
  7 worker ants
  2 iguanas
  A killer bee zombie (D:7)
  A hound zombie (D:5)
  3 adders
  2 shadow imps
  18 orcs
  6 quokkas
  A ball python (D:1)
  11 bats
  A giant cockroach (D:1)
  9 hobgoblins
  3 frilled lizards
  18 goblins
  A jackal skeleton (D:4)
  5 kobolds
  6 rats
  A bush (D:7)
  A fungus (D:7)
158 creatures vanquished.

Notes
Turn   | Place    | Note
-------+----------+-------------------------------------------
     0 | D:1      | HarryHood the Gargoyle Fighter began the quest for the Orb.
     0 | D:1      | Reached XP level 1. HP: 14/14 MP: 2/2
    66 | D:1      | Reached XP level 2. HP: 18/19 MP: 3/3
    77 | D:1      | Reached skill level 3 in Maces & Staves
   120 | D:1      | Reached XP level 3. HP: 19/23 MP: 4/4
   528 | D:1      | Reached skill level 4 in Maces & Staves
   894 | D:2      | Found a shadowy altar of Dithmenos.
   902 | D:2      | Noticed Terence
   915 | D:2      | Killed Terence
   915 | D:2      | Reached XP level 4. HP: 27/28 MP: 6/6
   988 | D:2      | Reached skill level 5 in Maces & Staves
   988 | D:2      | Reached XP level 5. HP: 32/32 MP: 7/7
  1409 | D:2      | Found a faded altar of an unknown god.
  1548 | D:3      | Reached skill level 6 in Maces & Staves
  1548 | D:3      | Reached XP level 6. HP: 37/37 MP: 9/9
  1828 | D:3      | Reached skill level 4 in Fighting
  1990 | D:3      | Found a glowing golden altar of the Shining One.
  1992 | D:3      | Found an ancient bone altar of Kikubaaqudgha.
  2008 | D:3      | Found a glowing silver altar of Zin.
  2008 | D:3      | Found a deep blue altar of Sif Muna.
  2008 | D:3      | Found a snail-covered altar of Cheibriados.
  2008 | D:3      | Found a sparkling altar of Nemelex Xobeh.
  2220 | D:3      | Reached skill level 5 in Fighting
  2220 | D:3      | Reached XP level 7. HP: 44/44 MP: 10/10
  2382 | D:4      | Reached skill level 6 in Fighting
  2424 | D:4      | Found an iron altar of Okawaru.
  2788 | D:5      | Entered Level 5 of the Dungeon
  2959 | D:5      | Reached skill level 7 in Maces & Staves
  2959 | D:5      | Reached XP level 8. HP: 52/52 MP: 11/11
  3163 | D:5      | Reached skill level 7 in Fighting
  3235 | D:5      | Found an ornate altar of the Wu Jian Council.
  3261 | D:5      | Reached skill level 8 in Maces & Staves
  3334 | D:5      | Found a burning altar of Makhleb.
  3795 | D:6      | Noticed Pikel
  3808 | D:6      | Killed Pikel
  3808 | D:6      | Reached skill level 8 in Fighting
  3808 | D:6      | Reached skill level 10 in Maces & Staves
  3808 | D:6      | Reached XP level 9. HP: 60/60 MP: 13/13
  3909 | D:6      | Found a corrupted altar of Lugonu.
  3963 | D:6      | Reached skill level 9 in Fighting
  3986 | D:6      | Found a stormy altar of Qazlal.
  3987 | D:6      | Found a basalt altar of Yredelemnul.
  3987 | D:6      | Found a radiant altar of Vehumet.
  3989 | D:6      | Found a shimmering altar of Xom.
  3989 | D:6      | Found a sacrificial altar of Ru.
  3991 | D:6      | Found a bloodstained altar of Trog.
  3991 | D:6      | Found a white marble altar of Elyvilon.
  3993 | D:6      | Found an opulent altar of Gozag.
  4021 | D:6      | Reached skill level 10 in Fighting
  4155 | D:6      | Reached XP level 10. HP: 64/68 MP: 14/14
  4158 | D:6      | Reached skill level 11 in Fighting
  4473 | D:7      | Found a viscous altar of Jiyva.
  4841 | D:7      | Found a hide-covered altar of Uskayaw.
  5075 | D:7      | Found a runed door.
  5079 | D:7      | Noticed Crazy Yiuf
  5083 | D:7      | Killed Crazy Yiuf
  5242 | D:8      | Noticed a two-headed ogre
  5256 | D:8      | Killed a two-headed ogre
  5256 | D:8      | Reached skill level 11 in Maces & Staves
  5387 | D:8      | Reached skill level 12 in Fighting
  5585 | D:8      | Reached skill level 12 in Maces & Staves
  5686 | D:8      | Reached skill level 1 in Throwing
  5686 | D:8      | Reached XP level 11. HP: 59/76 MP: 16/16
  5817 | D:9      | Noticed Psyche
  5828 | D:9      | Killed Psyche
  5828 | D:9      | Reached skill level 3 in Throwing
  5926 | D:9      | Reached skill level 4 in Throwing
  6189 | D:9      | Reached skill level 5 in Throwing
  6253 | D:9      | Noticed Erica
  6268 | D:9      | Killed Erica
  6268 | D:9      | Reached skill level 13 in Fighting
  6268 | D:9      | Reached skill level 6 in Throwing
  6394 | D:9      | Noticed Prince Ribbit
  6406 | D:9      | Killed Prince Ribbit
  6423 | D:9      | Noticed a two-headed ogre
  6433 | D:9      | Killed a two-headed ogre
  6433 | D:9      | Reached skill level 4 in Armour
  6705 | D:9      | Reached skill level 5 in Armour
  6776 | D:9      | Reached XP level 12. HP: 76/84 MP: 17/17
  6882 | D:10     | Entered Level 10 of the Dungeon
  7074 | D:10     | Found a flagged portal.
  7084 | D:10     | Reached skill level 6 in Armour
  7161 | D:10     | HP: 6/84 [slime creature (7)]
  7165 | D:10     | Slain by a very large slime creature

Skill      XL: |  1  2  3  4  5  6  7  8  9 10 11 12 |
---------------+-------------------------------------+-----
Maces & Staves | 3 4 5 6 7 10 12 | 12.0
Fighting       | 5 6 8 10 12 13 | 13.7
Throwing       | 1 6 |  6.1
Armour         | 5 6 |  6.0
Shields        | |  3.2

Action                   |  1- 3 |  4- 6 |  7- 9 | 10-12 || total
-------------------------+-------+-------+-------+-------++-------
Melee: Flail             |    84 |   113 |    47 |       ||   244
       Whip              |       |       |   134 |   432 ||   566
  Use: Potion            |       |       |     1 |       ||     1
Armor: Scale mail        |    75 |    58 |    15 |       ||   148
       Chain mail        |       |       |    58 |   138 ||   196
Dodge: Dodged            |    42 |    39 |    37 |    45 ||   163
Block: Shield            |    63 |    61 |    69 |   115 ||   308
